 Dungeon Sprint DCSS version 0.21-a0-297-ga3d34c2 (webtiles) character file.

5894 potatolord6000 the Grappler (level 10, 0/83 HPs)
             Began as a Gnoll Transmuter on Sept 28, 2017.
             Was a High Priest of Sif Muna.
             Slain by an emperor scorpion (13 damage)
             ... in the Dungeon (Sprint VII: "The Pits").
             The game lasted 00:08:10 (2214 turns).

potatolord6000 the Grappler (Gnoll Transmuter)      Turns: 2214, Time: 00:08:11

Health: 0/83       AC:  2    Str: 21    XL:     10   Next: 82%
Magic:  21/24      EV: 23    Int: 16    God:    Sif Muna [*****.]
Gold:   0          SH:  0    Dex: 18    Spells: 19/29 levels left

rFire    . . .     SeeInvis .     - Unarmed
rCold    . . .     Gourm    .   (shield currently unavailable)
rNeg     . . .     Faith    .   b - +0 robe
rPois    .         Spirit   .   (no helmet)
rElec    .         Reflect  .   (no cloak)
rCorr    .         Harm     .   (gloves currently unavailable)
MR       .....     NoTele   +   (no boots)
Stlth    ++++......             (no amulet)
HPRegen  0.23/turn              q - +3 ring of dexterity
MPRegen  0.19/turn              r - +3 ring of evasion

@: mighty, blade hands, flayed, very slightly contaminated, invisible
A: distributed training, fangs 1, strong nose
a: End Transformation, Divine Energy, Channel Magic, Forget Spell, Renounce
Religion


You were in the Dungeon.
You worshipped Sif Muna.
Sif Muna was extremely pleased with you.
You were full.
You had blades for hands.
You visited 1 branch

Inventory:

Missiles
 a - 12 arrows
Armour
 b - a +0 robe (worn)
Jewellery
 q - a +3 ring of dexterity (left scythe-like blade)
 r - a +3 ring of evasion (right scythe-like blade)
Scrolls
 j - a scroll of blinking
 l - 3 scrolls of remove curse
 m - 5 scrolls of amnesia
 n - a scroll of summoning
Potions
 e - 9 potions of curing
 f - 6 potions of heal wounds
 h - 4 potions of magic
 i - 3 potions of berserk rage
Books
 c - a book of Changes

   Spells                             Type                      Level
   a - Beastly Appendage              Transmutation                1
   b - Sticks to Snakes               Transmutation                2
   c - Spider Form                    Transmutation/Poison         3
   d - Ice Form                       Ice/Transmutation            4
   e - Blade Hands                    Transmutation                5
Comestibles
 d - 8 bread rations
 o - 40 fruits
 p - 4 meat rations


   Skills:
 + Level 9.1 Fighting
 + Level 8.9 Short Blades
 + Level 8.8 Long Blades
 + Level 9.2 Axes
 + Level 8.9 Maces & Flails
 + Level 8.8 Polearms
 + Level 9.0 Staves
 + Level 8.9 Slings
 + Level 8.8 Bows
 + Level 9.0 Crossbows
 + Level 9.6 Throwing
 + Level 9.2 Armour
 + Level 9.8 Dodging
 + Level 8.3 Stealth
   Level 0.0 Stabbing
 + Level 9.3 Shields
   Level 0.0 Traps
 + Level 11.2 Unarmed Combat
 + Level 10.4 Spellcasting
 + Level 9.3 Conjurations
 + Level 9.1 Hexes
 + Level 8.8 Charms
 + Level 8.6 Summonings
 + Level 8.3 Necromancy
 + Level 9.5 Translocations
 + Level 10.1 Transmutations
 + Level 9.1 Fire Magic
 + Level 9.0 Ice Magic
 + Level 8.8 Air Magic
 + Level 8.8 Earth Magic
 + Level 8.6 Poison Magic
 + Level 8.9 Invocations
 + Level 9.4 Evocations


You had 19 spell levels left.
You knew the following spells:

 Your Spells              Type           Power        Failure   Level  Hunger
a - Beastly Appendage     Tmut           #####.       8%          1    None
b - Ice Form              Ice/Tmut       #####...     19%         4    ###....
c - Blade Hands           Tmut           #####.....   28%         5    #####..


Dungeon Overview and Level Annotations

Branches:
Dungeon (1/1)

Altars:
Ashenzari
Cheibriados
Dithmenos
Elyvilon
Fedhas
Gozag
Hepliaklqana
Kikubaaqudgha
Makhleb
Nemelex Xobeh
Okawaru
Qazlal
Ru
Sif Muna
Trog
Uskayaw
Vehumet
Wu Jian
Xom
Yredelemnul
Zin
The Shining One
Beogh
Jiyva
Lugonu


Innate Abilities, Weirdness & Mutations

Your experience applies equally to all skills.
You have very sharp teeth.
Your uncanny sense of smell can sniff out nearby items.


Message History

A black mamba, a jumping spider and a skeleton come into view.
The emperor scorpion closely misses you.
The emperor scorpion claws you. The emperor scorpion barely misses you.
An iguana and a scorpion come into view.
Things that are here:
an arrow; a wolf corpse Unknown command.
You catch the helpless emperor scorpion completely off-guard!
You hit the emperor scorpion but do no damage.
The black mamba hisses angrily.
Your slash misses the emperor scorpion.
You bite the emperor scorpion, but do no damage.
The emperor scorpion barely misses you. The emperor scorpion claws you.
The emperor scorpion misses you.
You slash the emperor scorpion!
The emperor scorpion is lightly wounded.
The wolf closely misses you. The emperor scorpion stings you!!
* * * LOW HITPOINT WARNING * * *
The emperor scorpion claws you!
You die... ##### ######## #..)###..'...# #...##..##...## . ##'##..###...+.## x. ........##...#..## sc.

##'###...##'##...###sbS#
....)##..#...#...#.h....
..)...+..+...+.Wshh.l...
(....##).#...#..@#
##'###...##'##...#
........##...#..##
##'##..###...'.##
#:..##..##...###
#†).###..+...# #####
#######


You could see an emperor scorpion, a flayed ghost, a black mamba (wandering), a
jumping spider (wandering), a small abomination (wandering), 3 wolves, a
centaur, a scorpion (wandering), an iguana (wandering) and a bat.

Vanquished Creatures
  A two-headed ogre (D)
  A sun demon (D)
  A phantasmal warrior (D)
  A black mamba (D)
  A molten gargoyle (D)
  A rime drake (D)
  A komodo dragon (D)
  A kobold demonologist (D)
  An ice devil (D)
  An efreet (D)
  A red devil (D)
  A bog body (D)
  A redback (D)
  3 yaks (D)
  A hungry ghost (D)
  2 wargs (D)
  An acid dragon (D)
  A floating eye (D)
  An orc warrior (D)
  A black bear (D)
  An eye of draining (D)
  An ogre (D)
  A crocodile (D)
  2 big kobolds (D)
  A bullfrog (D)
  A crimson imp (D)
  A hound (D)
  An iguana (D)
  A hell rat (D)
  A worker ant (D)
  A mummy (D)
  An adder (D)
  A gnoll (D)
  3 ufetubi (D)
  2 ball pythons (D)
  A goblin (D)
  A hobgoblin (D)
  A bat (D)
  A frilled lizard (D)
  2 rats (D)
48 creatures vanquished.

Vanquished Creatures (others)
  A wolf (D)
1 creature vanquished.

Grand Total: 49 creatures vanquished

Notes
Turn   | Place    | Note
-------+----------+-------------------------------------------
     0 | D        | potatolord6000 the Gnoll Transmuter began the quest for the Orb.
     0 | D        | Reached XP level 1. HP: 17/17 MP: 6/6
    16 | D        | Noticed a worker ant
    25 | D        | Killed a worker ant
    25 | D        | Reached skill level 1 in Long Blades
    25 | D        | Reached skill level 1 in Staves
    25 | D        | Reached skill level 1 in Bows
    25 | D        | Reached skill level 1 in Crossbows
    25 | D        | Reached skill level 1 in Armour
    25 | D        | Reached skill level 1 in Shields
    25 | D        | Reached skill level 5 in Spellcasting
    25 | D        | Reached skill level 1 in Conjurations
    25 | D        | Reached skill level 1 in Hexes
    25 | D        | Reached skill level 1 in Charms
    25 | D        | Reached skill level 1 in Necromancy
    25 | D        | Reached skill level 5 in Transmutations
    25 | D        | Reached skill level 1 in Ice Magic
    25 | D        | Reached skill level 1 in Invocations
    25 | D        | Reached skill level 1 in Evocations
    25 | D        | Reached XP level 2. HP: 20/24 MP: 8/8
    52 | D        | Found a bloodstained altar of Trog.
    52 | D        | Found a deep blue altar of Sif Muna.
    52 | D        | Found a viscous altar of Jiyva.
    52 | D        | Found a hazy altar of Hepliaklqana.
    52 | D        | Found an opulent altar of Gozag.
    53 | D        | Found a glowing golden altar of the Shining One.
    53 | D        | Found a glowing silver altar of Zin.
    53 | D        | Found a basalt altar of Yredelemnul.
    53 | D        | Found a shimmering altar of Xom.
    53 | D        | Found an ornate altar of the Wu Jian Council.
    53 | D        | Found a sacrificial altar of Ru.
    53 | D        | Found a stormy altar of Qazlal.
    53 | D        | Found an iron altar of Okawaru.
    53 | D        | Found a sparkling altar of Nemelex Xobeh.
    53 | D        | Found a burning altar of Makhleb.
    53 | D        | Found a blossoming altar of Fedhas.
    53 | D        | Found a white marble altar of Elyvilon.
    53 | D        | Found a shadowy altar of Dithmenos.
    53 | D        | Found a snail-covered altar of Cheibriados.
    55 | D        | Found a radiant altar of Vehumet.
    55 | D        | Found a corrupted altar of Lugonu.
    55 | D        | Found a roughly hewn altar of Beogh.
    57 | D        | Found an ancient bone altar of Kikubaaqudgha.
    57 | D        | Found a hide-covered altar of Uskayaw.
    57 | D        | Found a shattered altar of Ashenzari.
    58 | D        | Became a worshipper of Sif Muna the Loreminder
    77 | D        | Reached XP level 3. HP: 29/29 MP: 7/9
    84 | D        | Reached skill level 1 in Air Magic
   165 | D        | Noticed a floating eye
   166 | D        | Paralysed by a floating eye for 4 turns
   172 | D        | Killed a floating eye
   172 | D        | Reached * piety under Sif Muna
   172 | D        | Reached skill level 5 in Dodging
   172 | D        | Reached skill level 7 in Unarmed Combat
   172 | D        | Reached XP level 4. HP: 38/38 MP: 8/11
   172 | D        | Reached XP level 5. HP: 43/43 MP: 9/13
   178 | D        | Learned a level 4 spell: Ice Form
   184 | D        | Learned a level 5 spell: Blade Hands
   255 | D        | Reached ** piety under Sif Muna
   316 | D        | Noticed a black bear
   316 | D        | Noticed a big kobold
   329 | D        | Killed a big kobold
   329 | D        | Reached skill level 5 in Fighting
   329 | D        | Reached XP level 6. HP: 51/51 MP: 6/15
   345 | D        | Killed a black bear
   345 | D        | Reached skill level 5 in Maces & Flails
   345 | D        | Reached skill level 5 in Throwing
   345 | D        | Reached skill level 8 in Unarmed Combat
   345 | D        | Reached skill level 5 in Invocations
   403 | D        | Reached skill level 5 in Conjurations
   403 | D        | Reached skill level 5 in Translocations
   403 | D        | Reached skill level 5 in Evocations
   527 | D        | Noticed a molten gargoyle
   534 | D        | Killed a molten gargoyle
   534 | D        | Reached *** piety under Sif Muna
   534 | D        | Reached skill level 5 in Short Blades
   534 | D        | Reached skill level 5 in Long Blades
   534 | D        | Reached skill level 5 in Axes
   534 | D        | Reached skill level 5 in Polearms
   534 | D        | Reached skill level 5 in Staves
   534 | D        | Reached skill level 5 in Slings
   534 | D        | Reached skill level 5 in Bows
   534 | D        | Reached skill level 5 in Crossbows
   534 | D        | Reached skill level 5 in Armour
   534 | D        | Reached skill level 5 in Stealth
   534 | D        | Reached skill level 5 in Shields
   534 | D        | Reached skill level 5 in Hexes
   534 | D        | Reached skill level 5 in Charms
   534 | D        | Reached skill level 5 in Summonings
   534 | D        | Reached skill level 5 in Necromancy
   534 | D        | Reached skill level 5 in Fire Magic
   534 | D        | Reached skill level 5 in Ice Magic
   534 | D        | Reached skill level 5 in Air Magic
   534 | D        | Reached skill level 5 in Earth Magic
   534 | D        | Reached skill level 5 in Poison Magic
   534 | D        | Reached XP level 7. HP: 34/57 MP: 12/17
   697 | D        | Reached XP level 8. HP: 47/64 MP: 12/19
   699 | D        | Reached **** piety under Sif Muna
   819 | D        | Noticed a komodo dragon
   825 | D        | Killed a komodo dragon
   825 | D        | Reached skill level 9 in Unarmed Combat
  1074 | D        | Noticed a yak
  1078 | D        | Noticed a bog body
  1081 | D        | Noticed a yak
  1084 | D        | Killed a yak
  1087 | D        | Killed a bog body
  1091 | D        | Killed a yak
  1091 | D        | Reached XP level 9. HP: 38/72 MP: 17/21
  1098 | D        | Reached ***** piety under Sif Muna
  1098 | D        | Identified Sif Muna's Tome of Helpful Blows and Bruises (Sif Muna gifted it to you in the Dungeon)
  1098 | D        | Received a gift from Sif Muna
  1402 | D        | Noticed a two-headed ogre
  1410 | D        | Killed a two-headed ogre
  1410 | D        | Reached skill level 10 in Unarmed Combat
  1489 | D        | Noticed a phantasmal warrior
  1489 | D        | Noticed a red devil
  1495 | D        | Killed a red devil
  1505 | D        | Killed a phantasmal warrior
  1505 | D        | Reached XP level 10. HP: 64/80 MP: 14/23
  1837 | D        | Noticed a kobold demonologist
  1847 | D        | Killed a kobold demonologist
  1847 | D        | Identified Faqos's Almanac of Venom and the Traveller (Sif Muna gifted it to you in the Dungeon)
  1847 | D        | Received a gift from Sif Muna
  1914 | D        | Reached skill level 10 in Spellcasting
  1940 | D        | Noticed a black mamba
  1946 | D        | Killed a black mamba
  1946 | D        | Reached skill level 11 in Unarmed Combat
  2204 | D        | Noticed an emperor scorpion
  2205 | D        | Noticed a sun demon
  2205 | D        | Noticed a flayed ghost
  2209 | D        | Killed a sun demon
  2209 | D        | Reached skill level 10 in Transmutations
  2212 | D        | Noticed a black mamba
  2214 | D        | Slain by an emperor scorpion

Vault maps used:
D:        pitsprint

Skill      XL: |  1  2  3  4  5  6  7  8  9 10 |
---------------+-------------------------------+-----
Fighting       | 3 4 5 6 7 8 9 |  9.1
Long Blades    | 1 3 4 5 6 7 8 |  8.8
Maces & Flails | 2 3 4 5 6 7 8 |  8.9
Staves         | 1 2 4 5 6 8 9 |  9.0
Bows           | 1 3 4 5 7 8 |  8.8
Crossbows      | 1 3 5 6 8 9 |  9.0
Throwing       | 2 3 4 5 6 7 8 9 |  9.6
Armour         | 1 3 4 5 6 8 9 |  9.2
Shields        | 1 3 4 5 7 8 9 |  9.3
Spellcasting   | 5 6 7 8 9 10 | 10.4
Conjurations   | 1 2 4 5 6 7 8 9 |  9.3
Hexes          | 1 2 3 5 6 8 9 |  9.1
Charms         | 1 3 4 5 6 7 8 |  8.8
Necromancy     | 1 3 4 5 6 7 8 |  8.3
Translocations | 2 3 4 5 6 7 8 9 |  9.5
Transmutations | 5 6 7 8 9 10 | 10.1
Fire Magic     | 2 3 4 5 7 8 9 |  9.1
Ice Magic      | 1 2 4 5 6 8 9 |  9.0
Earth Magic    | 2 3 4 5 6 8 |  8.8
Poison Magic   | 2 3 4 5 6 7 8 |  8.6
Invocations    | 1 3 4 5 6 7 8 |  8.9
Evocations     | 1 3 4 5 6 7 8 9 |  9.4
Air Magic      | 2 3 5 6 7 8 |  8.8
Short Blades   | 2 3 5 6 8 |  8.9
Axes           | 2 4 5 6 7 8 9 |  9.2
Polearms       | 2 4 5 6 8 |  8.8
Slings         | 2 3 5 6 7 8 |  8.9
Dodging        | 5 7 9 |  9.8
Stealth        | 2 3 5 6 7 8 |  8.3
Unarmed Combat | 7 8 9 10 11 | 11.2
Summonings     | 2 3 5 6 7 8 |  8.6

Action                   |  1- 3 |  4- 6 |  7- 9 | 10-12 || total
-------------------------+-------+-------+-------+-------++-------
Melee: Unarmed           |    16 |    40 |    58 |    42 ||   156
       Kick              |     5 |       |       |       ||     5
       Bite              |     4 |     1 |     5 |     2 ||    12
       Punch             |       |       |       |     1 ||     1
 Cast: Beastly Appendage |     3 |     1 |       |       ||     4
       Ice Form          |       |     4 |     3 |     3 ||    10
       Blade Hands       |       |       |     5 |     2 ||     7
  Use: Potion            |       |       |     6 |     3 ||     9
 Stab: Sleeping          |     1 |       |     4 |     2 ||     7
       Invisible         |       |       |       |     2 ||     2
  Eat: Meat ration       |       |       |     2 |     1 ||     3
Armor: Robe              |     1 |       |     3 |       ||     4
       Skin              |       |    16 |     6 |     4 ||    26
Dodge: Dodged            |    11 |    34 |    57 |    30 ||   132

Table legend:
 A = Spawn XP
 B = Non-spawn XP
 C = Spawn XP percentage of total XP
 D = Spawn monster count
 E = Non-spawn monster count
 F = Spawn count percentage of total count
 G = Total turns spent on level
                    A         B        C        D         E        F      G
               +---------+---------+-------+---------+---------+-------+---------
         Total |       0 |    8421 |   0.0 |       0 |      49 |   0.0 |  2214
               +---------+---------+-------+---------+---------+-------+---------
             D |       0 |    8421 |   0.0 |       0 |      49 |   0.0 |  2214
               +---------+---------+-------+---------+---------+-------+---------
